 Dungeon Crawl Stone Soup version 0.21.1-1-g345015f (webtiles) character file.

58 wojtek the Chopper (level 3, -4/31 HPs)
             Began as a Minotaur Fighter on July 10, 2018.
             Killed from afar by Natasha (9 damage)
             ... with a magic dart
             ... on level 2 of the Dungeon.
             The game lasted 00:01:20 (1169 turns).

wojtek the Chopper (Minotaur Fighter)               Turns: 1169, Time: 00:01:22

Health: -4/31      AC:  6    Str: 21    XL:     3   Next: 75%
Magic:  2/2        EV:  7    Int:  5    God:
Gold:   90         SH:  9    Dex:  9    Spells: 2/2 levels left

rFire    . . .     SeeInvis .   a - +0 war axe
rCold    . . .     Gourm    .   c - +0 shield
rNeg     . . .     Faith    .   b - +0 scale mail
rPois    .         Spirit   .   (helmet restricted)
rElec    .         Reflect  .   (no cloak)
rCorr    .         Harm     .   (no gloves)
MR       .....                  (no boots)
Stlth    ..........             (no amulet)
HPRegen  0.10/turn              (no ring)
MPRegen  0.08/turn              (no ring)

@: slowed, very slow
A: retaliatory headbutt, horns 2
a: no special abilities


You were on level 2 of the Dungeon.
You were not hungry.

You visited 1 branch of the dungeon, and saw 2 of its levels.

You collected 90 gold pieces.

Inventory:

Hand Weapons
 a - a +0 war axe (weapon)
Armour
 b - a +0 scale mail (worn)
 c - a +0 shield (worn)
Scrolls
 g - 2 scrolls of amnesia {unknown}
 h - a scroll of identify {unknown}
 i - 2 scrolls of enchant armour {unknown}
 n - a scroll of blinking {unknown}
Potions
 d - a potion of might
 e - a potion of invisibility {unknown}
 k - a potion of brilliance {unknown}
 l - a potion of resistance {unknown}
 m - a potion of lignification {unknown}
 o - a potion of mutation {unknown}
Comestibles
 f - 3 rations
 j - 4 chunks of flesh


   Skills:
 - Level 3.6 Fighting
 + Level 5.0 Axes
 - Level 3.6 Armour
 - Level 3.6 Shields


You had 2 spell levels left.
You didn't know any spells.

Dungeon Overview and Level Annotations

Branches:
Dungeon (2/15)

Altars:
Nemelex Xobeh

Annotations:
D:2 Natasha, Sigmund


Innate Abilities, Weirdness & Mutations

You reflexively headbutt those who attack you in melee.
You have a pair of horns on your head.


Message History

You feel yourself slow down.
Natasha stares at you and mumbles some strange words.
The magic dart hits you! Natasha claws you but does no damage.
You miss Natasha. Your headbutt misses Natasha. You block Natasha's attack.
Natasha claws you.
You hit Natasha.
Natasha is lightly wounded.
Natasha claws you. Natasha closely misses you.
You closely miss Natasha.
Natasha is lightly wounded.
Natasha stares at you and mumbles some strange words.
The magic dart hits you! Natasha claws you.
You hit Natasha.
Natasha is moderately wounded.
Natasha claws you!
* * * LOW HITPOINT WARNING * * *
Natasha stares at you and mumbles some strange words.
The magic dart hits you!
You die...

... #.. ... #.# #.# #.
#.# #.# #. ... #.# #.
#.#..# #.#### #. #S#..#
#....# #. #h#..# #....#
#. #### #@#..# #....# #.
#....##.#..######.#####.
........................
.....##.#..#......#####.
......#.........#.......
#..........#.##.#.#####.
#.........##.##...# #.
#..........#.......####.
####.......#.##..#....#.


You could see Natasha and a ball python.

Vanquished Creatures
  3 adders (D:2)
  An ooze (D:2)
  2 dart slugs
  A giant cockroach (D:2)
  2 goblins (D:1)
  2 hobgoblins (D:1)
  4 jackals (D:1)
  A quokka (D:2)
  A bat (D:1)
  3 frilled lizards
  A kobold (D:2)
  4 rats (D:1)
25 creatures vanquished.

Notes
Turn   | Place    | Note
-------+----------+-------------------------------------------
     0 | D:1      | wojtek the Minotaur Fighter began the quest for the Orb.
     0 | D:1      | Reached XP level 1. HP: 19/19 MP: 0/0
   153 | D:1      | Reached skill level 3 in Axes
   209 | D:1      | Reached XP level 2. HP: 24/26 MP: 1/1
   476 | D:2      | Reached skill level 4 in Axes
   643 | D:2      | Noticed Sigmund
   940 | D:2      | Reached XP level 3. HP: 29/31 MP: 2/2
  1016 | D:2      | Reached skill level 5 in Axes
  1056 | D:2      | Found a sparkling altar of Nemelex Xobeh.
  1162 | D:2      | Noticed Natasha
  1169 | D:2      | Killed from afar by Natasha

Skill      XL: |  1  2  3 |
---------------+----------+-----
Axes           | 3 4 5 |  5.0
Fighting       | |  3.6
Armour         | |  3.6
Shields        | |  3.6

Action                   || total
-------------------------++-------
Melee: War axe           ||    65
       Headbutt          ||     3
  Eat: Chunk             ||     1
Armor: Scale mail        ||    24
Dodge: Dodged            ||    20
Block: Shield            ||    28
